Unix NetHack Version 5.0.0-0 post-release - last build Jun 10 2026 00:39:30 (3ee93aec679c4c4259841fe613dc97188e26a321,branch:main).

Game began 2026-06-15 21:39:48, ended 2026-06-15 21:52:17.

Felix1, chaotic male human Rogue

    --------        ------------      --------        -------
    |.......########|..........|      |......|########-.....-#
    |....<.|       #|..........|    ##-.......#       |.....|#    ------------
    |...(..-#      #|..........|    # |......|#       |.....|#####...........|
    ---.----#      #|...d.......##### --------#       --.----     |..........|
     ###    ##     #---@--------#        ######       ###         |..........|
     #       #     ####e###    ##       ##    #       #           |..........|
     #       #         ###    # ##      #     #       #      #    ...........|
    ##       ###         #       #      #     #    ####     #     ------------
   -.-----     ##        #       #     ##     #----|-------##
   |.....|      ##       #       #  -------   #-..........|#
   |..>..|       #-------|---    #  |.....|    |..........|#
   |.(...|       #|.........|    ###|.....|    |..........|#
   |.....|       #-.........|      #-......####------------#
   -------        |.........|       -------   ##############
                  -----------

Felix1 the Cutpurse     St:13 Dx:18 Co:11 In:10 Wi:15 Ch:9  Chaotic
Dlvl:3  $:43 HP:0(24) Pw:13(13) AC:7  Xp:3 T:1958  Burdened

Latest messages:
 This door is locked.
 Unlock it with your lock pick? [ynq] (q) y
 You succeed in picking the lock.
 The door opens.
 You are carrying too much to get through.
 You are beginning to feel hungry.
 This food really hits the spot!
 You stop eating the food ration.
 The goblin hits!
 You hit the goblin.
 You miss the goblin.
 The goblin hits!
 The goblin hits!
 You miss the goblin.
 The goblin misses!
 You miss the goblin.
 The goblin misses!
 You kill the goblin!
 You kill the lichen!
 You see here a lichen corpse.
 There is a lichen corpse here; eat it? [ynq] (n) y
 This lichen corpse tastes okay.
 You finish eating the lichen corpse.
 There is a goblin corpse here; eat it? [ynq] (n) y
 This goblin corpse tastes okay.
 You finish eating the goblin corpse.
 There is an open door here.
 You see here an iron skull cap.
 You hit the floating eye.
 You are frozen by the floating eye's gaze!
 The jackal bites!
 The jackal bites!
 The jackal bites!
 The jackal bites!
 The jackal bites!
 The jackal bites!
 The jackal bites!
 The jackal bites!
 The jackal bites!
 The jackal bites!
 The jackal bites!
 The jackal bites!
 The jackal bites!
 The jackal bites!
 The jackal bites!
 The jackal bites!
 The jackal bites!
 The jackal bites!
 You die...
 Do you want your possessions identified? [ynq] (y) q

Inventory:
 Coins    ('$')
  $ - 43 gold pieces
 Amulets  ('"')
  j - a cursed amulet of strangulation
 Weapons  (')')
  b - 15 +0 daggers (alternate weapons; not wielded)
  a - a +0 short sword (weapon in right hand)
 Armor    ('[')
  c - an uncursed +1 leather armor (being worn)
 Comestibles  ('%')
  w - an uncursed food ration
  z - an uncursed partly eaten food ration
  p - 2 uncursed fortune cookies
 Wands    ('/')
  y - a wand of lightning (0:8)
 Tools    ('(')
  f - an uncursed sack containing 13 items
  o - an empty uncursed sack
  i - a fire horn (0:5)
  e - an uncursed lock pick

Contents of the sack:
  a cursed scroll of confuse monster
  an uncursed scroll of fire
  a cursed scroll of teleportation
  a cursed scroll of genocide
  an uncursed scroll of scare monster
  an uncursed scroll of food detection
  an uncursed scroll of enchant weapon
  an uncursed spellbook of healing
  an uncursed spellbook of healing
  an uncursed potion of paralysis
  2 cursed potions of healing
  an uncursed potion of sickness
  2 uncursed worthless pieces of orange glass

Felix1 the Rogue's attributes:

Background:
 You were a Cutpurse, a level 3 male human Rogue.
 You were chaotic, nominally on a mission for Kos
 who was opposed by Issek (lawful) and Mog (neutral).
 You were right-handed.
 You were in the Dungeons of Doom, on level 3.
 You entered the dungeon 1958 turns ago.
 There was a new moon in effect when your adventure ended.
 You had 68 experience points, 12 more were needed to attain level 4.

Basics:
 You had 0 out of 24 hit points.
 You had all 13 energy points (spell power).
 Your armor class was 7.
 Your wallet contained 43 zorkmids.
 Autopickup was off.

Final Characteristics:
 Your strength was 13 (limit:18/100).
 Your dexterity was 18 (limit:18).
 Your constitution was 11 (limit:18).
 Your intelligence was 10 (limit:18).
 Your wisdom was 15 (limit:18).
 Your charisma was 9 (limit:18).

Final Status:
 You weren't hungry.
 You were burdened; movement was slightly slowed.
 You were wielding a short sword.
 You had basic skill with short sword.

Final Attributes:
 You were devoutly aligned.
 You were stealthy.
 You were warded.
 You are dead.

Miscellaneous:
 You didn't encounter any bones levels.
 Total elapsed playing time was 12 minutes and 28 seconds.

Major events:
 Turn
    1: Felix1 the chaotic male human Rogue entered the dungeon
  949: attained the rank of Cutpurse (level 3)
 1958: killed by a jackal, while frozen by a floating eye's gaze

You didn't know any spells.

Skills:
 Fighting Skills
   bare handed combat [Unskilled]
   two weapon combat  [Unskilled]
   riding             [Unskilled]
 Weapon Skills
   dagger             [Basic]
   knife              [Unskilled]
   short sword        [Basic]
   broadsword         [Unskilled]
   long sword         [Unskilled]
   two-handed sword   [Unskilled]
   saber              [Unskilled]
   club               [Unskilled]
   mace               [Unskilled]
   morning star       [Unskilled]
   flail              [Unskilled]
   hammer             [Unskilled]
   polearms           [Unskilled]
   spear              [Unskilled]
   crossbow           [Unskilled]
   dart               [Unskilled]
   shuriken           [Unskilled]
 Spellcasting Skills
   divination spells  [Unskilled]
   escape spells      [Unskilled]
   matter spells      [Unskilled]

Voluntary challenges:
 Character rerolling was not enabled.
 You were an atheist.
 You were illiterate.
 You never genocided any monsters.
 You never polymorphed an object.
 You never changed form.
 You used no wishes.
Achievement:
 You attained the rank of Cutpurse.

 The Dungeons of Doom: levels 1 to 3
    Level 1:
    Level 2:
    Level 3: <- You were here.
       Final resting place for
          you, killed by a jackal, while frozen by a floating eye's gaze.


Vanquished creatures:
  a dwarf zombie
  3 giant rats
  a yellow mold
  a gecko
  5 jackals
  2 foxes
  4 goblins
  a grid bug
  5 lichens
  2 newts
25 creatures vanquished.

No species were genocided or became extinct.

Game over:
                       ----------
                      /          \
                     /    REST    \
                    /      IN      \
                   /     PEACE      \
                  /                  \
                  |      Felix1      |
                  |      43 Au       |
                  |   killed by a    |
                  |      jackal      |
                  |                  |
                  |                  |
                  |       2026       |
                 *|     *  *  *      | *
        _________)/\\_//(\/(/\)/\//\/|_)_______

Goodbye Felix1 the Rogue...

You died in The Dungeons of Doom on dungeon level 3 with 411 points,
and 43 pieces of gold, after 1958 moves.
You were level 3 with a maximum of 24 hit points when you died.

